 Dungeon Crawl Stone Soup version 0.32-a0-13-gbaedc5810e (webtiles) character file.

Game seed: 14392437783766869029

49376 Gargoyl the Severer (level 14, -1/88 HPs)
             Began as a Gargoyle Berserker on Jan 14, 2024.
             Was a High Priest of Trog.
             Incinerated by a deep elf pyromancer (13 damage)
             ... with a pyre arrow
             ... on level 14 of the Dungeon on Jan 15, 2024.
             The game lasted 00:25:25 (14632 turns).

Gargoyl the Severer (Gargoyle Berserker)           Turns: 14632, Time: 00:25:26

Health: -1/88      AC: 46    Str: 35    XL:     14   Next: 50%
Magic:  14/14      EV: 10    Int:  7    God:    Trog [*****.]
Gold:   490        SH: 17    Dex: 13    Spells: 13/13 levels left

rFire   . . .        S - +5 broad axe
rCold   . . .        l - +0 kite shield
rNeg    + . .        P - +9 plate armour of the Trombone {*Corrode rElec Str+9}
rPois   ∞            p - +0 helmet
rElec   +            q - +1 cloak
rCorr   +            y - +0 pair of gloves {Str+3}
SInv    .            f - +2 pair of boots
Will    +++..        b - amulet of reflection Stlth
                     d - ring of resist corrosion
HPRegen 1.34/turn    G - +4 ring of protection
MPRegen 0.14/turn

%: corrode self (3%), reflection
@: on fire, strong-willed, on berserk cooldown, flying, regenerating, slowed,
glowing, very slow
A: sickness immunity, AC +10, big wings, negative energy resistance 1,
electricity resistance, torment resistance 1, petrification resistance
a: Renounce Religion, Berserk, Trog's Hand, Brothers in Arms


You were on level 14 of the Dungeon.
You worshipped Trog.
Trog was extremely pleased with you.
You visited 2 branches of the dungeon, and saw 19 of its levels.
You also visited: Bailey.

You collected 1514 gold pieces.
You spent 1024 gold pieces at shops.

Inventory:

Hand Weapons
 j - a +0 flail of venom
 E - the +5 demon whip "Spellbinder" {antimagic, disrupt, Will+}
   (You found it in a bailey)

   Will+:     It increases your willpower.
 R - a +1 broad axe of flaming
 S - a +5 broad axe (weapon)
Missiles
 t - 12 poisoned darts
 F - 4 curare-tipped darts (quivered)
Armour
 f - a +2 pair of boots (worn)
 l - a +0 kite shield (worn)
 p - a +0 helmet (worn)
 q - a +1 cloak (worn)
 y - a +0 pair of gloves of strength (worn)
 P - the +9 plate armour of the Trombone (worn) {*Corrode rElec Str+9}
   (You bought it in a shop on level 10 of the Dungeon)

   Str+9:     It affects your strength (+9).
   rElec:     It insulates you from electricity.
   *Corrode:  It may corrode you when you take damage.
Jewellery
 b - an amulet of reflection (around neck)
 d - a ring of resist corrosion (left hand)
 h - a ring of ice
 D - an amulet of the acrobat
 G - a +4 ring of protection (right hand)
 H - a ring of protection from cold
 K - a +4 ring of protection
 M - a ring of fire
 N - a +6 ring of dexterity
 O - a +4 ring of protection
Wands
 n - a wand of iceblast (10)
 r - a wand of charming (18)
 w - a wand of polymorph (3)
 J - a wand of mindburst (4)
 U - a wand of light (6)
Scrolls
 g - a scroll of blinking
 s - 2 scrolls of revelation {unknown}
 u - 8 scrolls of teleportation
 v - 2 scrolls of fear
 B - a scroll of poison
 C - 7 scrolls of identify
 I - a scroll of fog
 T - a scroll of amnesia {unknown}
Potions
 a - 2 potions of ambrosia {unknown}
 c - 2 potions of berserk rage
 e - 13 potions of curing
 i - 3 potions of brilliance
 k - 2 potions of heal wounds
 o - 3 potions of magic
 x - 3 potions of lignification
 z - 5 potions of haste
 A - 2 potions of invisibility
 L - a potion of enlightenment {unknown}
 Q - a potion of cancellation {unknown}
Miscellaneous
 m - a phantom mirror


   Skills:
 + Level 10.7 Fighting
 + Level 15.0(15.1) Axes
 + Level 2.4(10.9) Maces & Flails
 + Level 0.7 Throwing
 + Level 9.5 Armour
 + Level 5.5 Dodging
 + Level 4.5 Stealth
 + Level 13.4 Shields


You had 13 spell levels left.
You didn't know any spells.
Your spell library was empty.

Dungeon Overview and Level Annotations

Branches:
Dungeon (14/15)            Temple (0/1) D:7            Lair (5/5) D:9
  Swamp (0/4) Lair:2       Spider (0/4) Lair:3          Orc (0/2) D:12
 Bailey (visited)
  Slime: Lair:4-5    Vaults: D:13-14

Altars:
Ashenzari
Cheibriados
Dithmenos
Elyvilon
Fedhas
Hepliaklqana
Kikubaaqudgha
Nemelex Xobeh
Okawaru
Qazlal
Ru
Sif Muna
Trog
Uskayaw
Wu Jian
Xom

Shops:
D:2 *   D:4 (   D:5 [   D:10 [

Annotations:
D:14 exclusion: obsidian statue


Innate Abilities, Weirdness & Mutations

You are immune to sickness and miasma.
Your stone body is resilient. (AC +10)
You are immune to poison.
Your large and strong wings let you fly.
You resist negative energy. (rN+)
You are resistant to electric shocks. (rElec)
You are resistant to unholy torment.
You are immune to petrification.


Message History

Unknown command.
You hit the deep elf pyromancer but do no damage.
The deep elf pyromancer is almost dead.
You hit the fire elemental. You slice the fire elemental!!
You destroy the fire elemental!
The fire elemental disappears in a puff of smoke!
You block the fire elemental's attack.
The deep elf pyromancer casts a spell.
The deep elf pyromancer blinks!
The fire elemental hits you. You block the fire elemental's attack.
Unknown command.
The deep elf pyromancer mumbles some strange words.
You block the fire elemental's attack. The fire elemental hits you.
The deep elf pyromancer casts a spell at you.
The pyre arrow hits you.
You are covered in intense liquid fire!
You block the fire elemental's attack.
You miss the deep elf pyromancer.
The deep elf pyromancer is almost dead.
You slash the fire elemental!
You destroy the fire elemental!
The fire elemental disappears in a puff of smoke!
You closely miss the fire elemental. The liquid fire burns you!
The fire elemental hits you. The fire elemental burns you!
* * * LOW HITPOINT WARNING * * *
The deep elf pyromancer gestures wildly while chanting.
You slice the deep elf pyromancer!!
You kill the deep elf pyromancer!
Trog accepts your kill.
Trog appreciates your killing of a magic user.
The fire elemental disappears in a puff of smoke! x3
The liquid fire burns you!
* * * LOW HITPOINT WARNING * * *
You are on fire!
You are on fire!
You feel better. The liquid fire burns you!
You die...

# .# #.
##.####
###.####......
#............
#..........#
#..........#
#......§...#
##.......§..#
.......@....#
###./.§)§...#
#....°)...#
#..<......#
#......####
#..).....≈#
#..)......#
#......#.≈#
#...!..#§.#


There were no monsters in sight!

Vanquished Creatures
  A hydra (Lair:5)
  3 boulder beetles
  A catoblepas (Lair:2)
  4 two-headed ogres
  A centaur warrior (D:13)
  2 tengu warriors (D:13)
  A hell hog (Lair:5)
  Urug (D:12)
  Amaemon (D:8)
  Sonja (D:11)
  An orc knight (Bailey)
  A deep elf pyromancer (D:14)
  A deep elf zephyrmancer (Bailey)
  A manticore (D:11)
  5 elephants (Lair:3)
  2 meliai (shapeshifter) (D:13)
  A black mamba (Lair:1)
  3 meliai (D:14)
  An orange demon (D:8)
  An unseen horror (D:12)
  A kobold demonologist (D:10)
  12 cane toads
  An efreet (D:13)
  5 komodo dragons
  3 trolls
  10 polar bears
  9 blink frogs (Lair:4)
  Prince Ribbit (D:7)
  2 raiju (Lair:5)
  11 slime creatures
  2 wraiths (D:11)
  A shadow (D:11)
  7 wyverns
  2 spriggans (Lair:2)
  34 yaks
  A basilisk (Lair:1)
  2 steam dragons (D:7)
  7 vampire mosquitoes
  5 wargs (Lair:5)
  2 swamp worms (D:9)
  11 hell hounds (Lair:5)
  7 water moccasins
  7 orc warriors
  14 black bears
  A sky beast (D:6)
  10 centaurs
  4 ogres
  22 wolves
  2 phantoms
  12 bullfrogs
  4 kobold brigands
  2 gnoll sergeants
  5 scorpions
  7 wights
  2 howler monkeys
  Crazy Yiuf (D:6)
  4 gnoll boudas
  10 orc priests
  Ijyb (D:4)
  2 hounds (D:6)
  A jelly (D:8)
  An iguana (D:5)
  Natasha (thrice) (D:4)
  5 hell rats (Lair:3)
  11 orc wizards
  Robin (D:4)
  22 gnolls
  3 adders
  3 white imps
  4 ufetubi (D:6)
  7 ribbon worms
  2 dart slugs
  27 orcs
  13 ball pythons
  4 bats
  8 endoplasms
  5 giant cockroaches
  12 goblins
  13 hobgoblins
  27 kobolds
  7 quokkas
  3 frilled lizards
  6 rats
467 creatures vanquished.

Vanquished Creatures (collateral kills)
  Gastronok (D:8)
  A boulder beetle (Lair:5)
  2 polar bears (Lair:5)
  A yak (D:7)
  A human (D:12)
  2 wargs
  2 hell hounds (Lair:5)
  2 orc warriors (Bailey)
  2 black bears (Lair:5)
  A wolf (Lair:5)
  A bullfrog (D:8)
  An orc priest (D:12)
  An orc (Bailey)
18 creatures vanquished.

Vanquished Creatures (others)
  5 dream sheep (D:4)
  2 spectral weapons
7 creatures vanquished.

Grand Total: 492 creatures vanquished

Notes
Turn   | Place    | Note
-------+----------+-------------------------------------------
     0 | D:1      | Gargoyl the Gargoyle Berserker began the quest for the Orb.
     0 | D:1      | Reached XP level 1. HP: 14/14 MP: 1/1
   109 | D:1      | Reached XP level 2. HP: 15/19 MP: 2/2
   138 | D:1      | Reached skill level 3 in Axes
   372 | D:1      | Reached XP level 3. HP: 24/24 MP: 3/3
   739 | D:2      | Reached ** piety under Trog
  1187 | D:2      | Found Tuthen's Assorted Antiques.
  1263 | D:2      | Found a faded altar of an unknown god.
  1294 | D:2      | Reached XP level 4. HP: 26/29 MP: 4/4
  1487 | D:3      | Found an iron altar of Okawaru.
  1559 | D:3      | Reached skill level 1 in Shields
  1599 | D:3      | Reached XP level 5. HP: 33/33 MP: 5/5
  2105 | D:3      | Found a broken altar of Ashenzari.
  2137 | D:3      | Found a sparkling altar of Nemelex Xobeh.
  2408 | D:4      | Found Biapha Ruri's Weapon Boutique.
  2414 | D:4      | Bought a +0 flail of venom for 74 gold pieces
  2437 | D:4      | Found a shimmering blue altar of Sif Muna.
  2453 | D:4      | Reached skill level 4 in Axes
  2505 | D:4      | Reached XP level 6. HP: 38/38 MP: 6/6
  2509 | D:4      | Reached skill level 5 in Axes
  2519 | D:4      | HP: 1/38 [gnoll sergeant/+0 spear (9)]
  2814 | D:4      | Noticed Ijyb
  2814 | D:4      | Noticed Robin
  2826 | D:4      | Reached *** piety under Trog
  2829 | D:4      | Killed Robin
  2831 | D:4      | Killed Ijyb
  2913 | D:4      | Noticed Natasha
  2921 | D:4      | Killed Natasha
  2922 | D:4      | Reached XP level 7. HP: 39/43 MP: 7/7
  2963 | D:4      | Noticed Natasha
  2977 | D:4      | Killed Natasha
  3085 | D:4      | Noticed Natasha
  3099 | D:4      | Killed Natasha
  3100 | D:4      | Reached skill level 6 in Axes
  3238 | D:4      | Noticed a dream sheep
  3238 | D:4      | Noticed a dream sheep
  3238 | D:4      | Noticed a dream sheep
  3238 | D:4      | Noticed a dream sheep
  3238 | D:4      | Noticed a dream sheep
  3238 | D:4      | Found a shimmering altar of Xom.
  3240 | D:4      | Killed a dream sheep
  3240 | D:4      | Killed a dream sheep
  3240 | D:4      | Killed a dream sheep
  3240 | D:4      | Killed a dream sheep
  3241 | D:4      | Killed a dream sheep
  3415 | D:5      | Entered Level 5 of the Dungeon
  3602 | D:5      | Found an ancient bone altar of Kikubaaqudgha.
  3638 | D:5      | Reached XP level 8. HP: 48/48 MP: 8/8
  3669 | D:5      | Found a blossoming altar of Fedhas.
  3681 | D:5      | Found Yludys's Armour Boutique.
  3690 | D:5      | Bought a +0 pair of gloves of strength for 138 gold pieces
  3762 | D:5      | Found a hazy altar of Hepliaklqana.
  3927 | D:5      | Found an ornate altar of the Wu Jian Council.
  3994 | D:6      | Found a snail-covered altar of Cheibriados.
  4074 | D:6      | Reached skill level 5 in Fighting
  4082 | D:6      | Reached skill level 7 in Axes
  4178 | D:6      | Found a sacrificial altar of Ru.
  4658 | D:6      | Reached **** piety under Trog
  4659 | D:6      | Reached skill level 5 in Shields
  4860 | D:6      | Found a runed translucent door.
  4861 | D:6      | Noticed Crazy Yiuf
  5111 | D:6      | Killed Crazy Yiuf
  5148 | D:7      | Noticed a yak
  5155 | D:7      | Noticed a yak
  5157 | D:7      | Killed a yak
  5158 | D:7      | Reached XP level 9. HP: 54/54 MP: 9/9
  5163 | D:7      | Reached skill level 8 in Axes
  5310 | D:7      | Noticed Prince Ribbit
  5326 | D:7      | Killed Prince Ribbit
  5327 | D:7      | Reached skill level 1 in Stealth
  5560 | D:7      | Noticed a +0 spear
  5560 | D:7      | Noticed a +0 spear
  5567 | D:7      | Found a staircase to the Ecumenical Temple.
  5595 | D:7      | Noticed a +0 falchion
  5595 | D:7      | Noticed a +0 dagger
  5596 | D:7      | Noticed a +0 short sword
  5597 | D:7      | Noticed a +0 short sword
  5597 | D:7      | Noticed a +0 dagger
  5598 | D:7      | Noticed a +0 falchion
  5600 | D:7      | Found a hide-covered altar of Uskayaw.
  5621 | D:7      | Upgraded the game from 0.32-a0-12-g7fc57aa741 to
                  | 0.32-a0-13-gbaedc5810e
  5717 | D:7      | Reached skill level 9 in Axes
  5807 | D:7      | Reached skill level 5 in Armour
  5809 | D:7      | Reached XP level 10. HP: 60/60 MP: 10/10
  5882 | D:8      | Noticed Gastronok
  5898 | D:8      | Killed Gastronok
  5941 | D:8      | Found the +4 robe of Augmentation {Str+4 Int+4 Dex+4}
  5989 | D:8      | Noticed Amaemon
  6000 | D:8      | Noticed an orange demon
  6005 | D:8      | Killed Amaemon
  6012 | D:8      | Killed an orange demon
  6013 | D:8      | Reached skill level 10 in Axes
  6101 | D:8      | Found a flagged portal.
  6116 | Bailey   | Entered a bailey
  6187 | Bailey   | Noticed an orc knight
  6210 | Bailey   | Killed an orc knight
  6299 | Bailey   | Found a large runed translucent door.
  6299 | Bailey   | Found a large runed translucent door.
  6300 | Bailey   | Noticed a deep elf zephyrmancer
  6302 | Bailey   | Found the +5 demon whip "Spellbinder" {antimagic, disrupt,
                  | Will+}
  6407 | Bailey   | Killed a deep elf zephyrmancer
  6408 | Bailey   | Reached XP level 11. HP: 62/67 MP: 11/11
  6565 | D:8      | Found a shadowy altar of Dithmenos.
  7562 | D:9      | Reached skill level 11 in Axes
  7689 | D:9      | Found a white marble altar of Elyvilon.
  7700 | D:9      | Found a staircase to the Lair.
  8065 | D:9      | Found a stormy altar of Qazlal.
  8102 | D:9      | Found a bloodstained altar of Trog.
  8165 | Lair:1   | Entered Level 1 of the Lair of Beasts
  8868 | Lair:2   | Reached skill level 10 in Shields
  8896 | Lair:2   | Noticed a catoblepas
  8916 | Lair:2   | Killed a catoblepas
  8917 | Lair:2   | Reached XP level 12. HP: 22/74 MP: 12/12
  9219 | Lair:2   | Reached skill level 12 in Axes
  9712 | Lair:2   | Found a staircase to the Swamp.
  9764 | Lair:2   | Reached ***** piety under Trog
 10406 | Lair:3   | Found a hole to the Spider Nest.
 10744 | Lair:4   | Reached skill level 13 in Axes
 10755 | Lair:4   | Reached XP level 13. HP: 80/80 MP: 13/13
 11164 | Lair:5   | Entered Level 5 of the Lair of Beasts
 11226 | Lair:5   | Reached skill level 5 in Dodging
 11438 | Lair:5   | Reached skill level 1 in Maces & Flails
 11716 | D:10     | Entered Level 10 of the Dungeon
 11720 | D:10     | You fall into a shaft and drop 1 floor!
 11835 | D:11     | Reached skill level 10 in Fighting
 11835 | D:11     | Reached skill level 14 in Axes
 11837 | D:11     | Noticed Sonja
 12268 | D:10     | Found Wifafing's Antique Armour Emporium.
 12277 | D:10     | Bought a crude plate armour for 812 gold pieces
 12277 | D:10     | Identified the +9 plate armour of the Trombone {*Corrode
                  | rElec Str+9} (You bought it in a shop on level 10 of the
                  | Dungeon)
 12778 | D:11     | Killed Sonja
 12782 | D:11     | Gained mutation: Your large and strong wings let you fly.
                  | [Gargoyle growth]
 12782 | D:11     | Reached XP level 14. HP: 76/88 MP: 14/14
 13289 | D:12     | Received a gift from Trog
 13306 | D:12     | Noticed Urug
 13315 | D:12     | Killed Urug
 13430 | D:12     | Identified the blade talisman of the Pleiades {Str+4 Dex+7
                  | Stlth-}
 13442 | D:12     | Found a staircase to the Orcish Mines.
 14622 | D:14     | Reached skill level 15 in Axes
 14632 | D:14     | Incinerated by a deep elf pyromancer

Illustrated notes

Levels and vault maps discovered:
D:1:      matt_arrival_refuge, layout_rooms, serial_forest,
          infiniplex_forest_straight_4, infiniplex_forest_clump_large,
          infiniplex_forest_zigzag_2, infiniplex_forest_clump_small,
          infiniplex_forest_zigzag_2, infiniplex_forest_end_3
D:2:      layout_basic, serial_shops,
          nicolae_shop_temple_entry_statues_fountains,
          shapermc_ecumenical_altar_hornbeckon, minmay_quadrilaterals
D:3:      layout_basic, okawaru_trees_2, nemelex_dance_club_becter,
          mainiacjoe_overflow_surrounded_room, st_stairs_6
D:4:      layout_loops_cross, amcnicky_altar_gilded, kb_xom_exploding_sheep,
          serial_shops, nicolae_shop_statue_plus, nicolae_goblin_pals,
          uniq_natasha
D:5:      layout_basic, fedhas_altar_1, kiku_gazebo_garden_becter,
          nicolae_hepliaklqana_hippocampus, nicolae_overflow_crystal_walls,
          serial_shops, nicolae_shop_getting_attention
D:6:      layout_basic, nicolae_ru_great_annihilating_truth, kennysheep_mini,
          minivault_11, grunt_decor_resistance, uniq_crazy_yiuf_cottage
D:7:      cheibrodos_steamvent, layout_rooms, nicolae_uskayaw_en_pointe,
          minmay_temple_entry_statues_fountains, uniq_prince_ribbit1
D:8:      layout_loops_ring, mainiacjoe_overflow_concentric_impassable,
          enter_bailey_3, kennysheep_opposing_triangles, uniq_amaemon,
          uniq_gastronok
D:9:      layout_irregular_city, old_standard_altar,
          mainiacjoe_overflow_two_lobes, lair_entry_dummy, worms_lemuel
D:10:     layout_basic, serial_shops, shop, grunt_ogre_cave
D:11:     layout_rooms, uniq_sonja
D:12:     layout_stronghold, erik_orc_4, uniq_urug
D:13:     layout_roguey
D:14:     layout_long_grid, david_vaults_1, chequers_serial_rivers_micro_b,
          hangedman_devilish_allure, uniq_nessos, uniq_snorg
Lair:1:   layout_gridlike
Lair:2:   layout_cave_pods, minmay_swamp_entry_swarm, forest_entry_grove,
          grunt_megastairs_2
Lair:3:   layout_chaotic_city, nicolae_spider_entry_non_spiders
Lair:4:   layout_big_grid
Lair:5:   hangedman_lair_caniforms_friends, layout_hall_layers,
          hangedman_lair_in_review, dpeg_slime_entry_enclosed,
          serial_bayou_shore_b

Skill      XL: |  1  2  3  4  5  6  7  8  9 10 11 12 13 14 |
---------------+-------------------------------------------+-----
Axes           | 3 4 5 6 7 9 10 11 13 14 15 | 15.0
Dodging        | 2 3 4 5 |  5.5
Shields        | 1 2 3 5 7 9 10 11 13 | 13.4
Fighting       | 4 5 6 7 8 9 10 | 10.7
Armour         | 3 4 5 6 7 8 9 |  9.5
Stealth        | 1 2 4 |  4.5
Maces & Flails | 2 |  2.4
Throwing       | |  0.7

Action                     |  1- 3 |  4- 6 |  7- 9 | 10-12 | 13-15 || total
---------------------------+-------+-------+-------+-------+-------++-------
  Melee: Hand axe          |   111 |    35 |       |       |       ||   146
         War axe           |       |   110 |   223 |   312 |   211 ||   856
         Demon whip        |       |       |       |       |    41 ||    41
         Broad axe         |       |       |       |       |   100 ||   100
  Throw: Dart              |       |       |     1 |       |     5 ||     6
 Invoke: Berserk           |     2 |     5 |     7 |     6 |     5 ||    25
         Trog's Hand       |       |     3 |     3 |     5 |     7 ||    18
         Brothers in Arms  |       |       |       |     2 |     5 ||     7
    Use: Scroll            |       |     6 |     8 |    15 |     2 ||    31
         Potion            |       |     1 |       |       |     5 ||     6
   Stab: Invisible         |       |       |     1 |       |       ||     1
         Distracted        |       |       |       |     3 |     2 ||     5
         Petrified         |       |       |       |     3 |       ||     3
 Armour: Animal skin       |    56 |       |       |       |       ||    56
         Ring mail         |    14 |    42 |       |       |       ||    56
         Chain mail        |       |    61 |   138 |    64 |       ||   263
         Scale mail        |       |       |       |   117 |   148 ||   265
         Plate armour      |       |       |       |       |   192 ||   192
  Dodge: Dodged            |    79 |    64 |    65 |   104 |   146 ||   458
  Block: Kite shield       |    25 |   139 |   227 |   329 |   400 ||  1120
         Reflection        |       |     7 |     7 |     6 |    11 ||    31

Table legend: (Time is in decaauts)
 A = Elapsed time spent in this place.
 B = Non-inter-level travel time spent in this place.
 C = Inter-level travel time spent in this place.
 D = Time resting spent in this place.
 E = Time spent auto-exploring this place.
 F = Levels seen in this place.
 G = Mean time per level.
                   A        B        C        D        E       F      G
               +--------+--------+--------+--------+--------+-----+--------+
         Total |  14999 |  14518 |    481 |    277 |  10676 |  20 |  750.0 |
       Dungeon |  11040 |  10712 |    328 |    213 |   7843 |  14 |  788.6 |
          Lair |   3564 |   3412 |    152 |     34 |   2663 |   5 |  712.8 |
        Bailey |    393 |    393 |      0 |     30 |    170 |   1 |  393.0 |
               +--------+--------+--------+--------+--------+-----+--------+

Top non-repeatable levels by time:
     D:6: 1191 daAuts
  Lair:2: 1162 daAuts
     D:4: 1100 daAuts
     D:3: 1015 daAuts
     D:8: 1000 daAuts
     D:9: 987 daAuts
    D:10: 929 daAuts
     D:2: 844 daAuts
     D:7: 764 daAuts
  Lair:3: 733 daAuts
  Lair:1: 725 daAuts
    D:12: 669 daAuts
    D:13: 647 daAuts
     D:1: 639 daAuts
     D:5: 591 daAuts
